 Dungeon Crawl Stone Soup version 0.28.0-1-gb440e238dd (webtiles) character file.

Game seed: 10960960548140666368

1269 tilp the Cleaver (level 8, -6/73 HPs)
             Began as a Hill Orc Fighter on Feb 19, 2022.
             Mangled by a gnoll (12 damage)
             ... on level 5 of the Dungeon.
             The game lasted 00:06:12 (5962 turns).

tilp the Cleaver (Hill Orc Fighter)                 Turns: 5962, Time: 00:06:12

Health: -6/73      AC: 13    Str: 21    XL:     8   Next: 53%
Magic:  8/8        EV:  8    Int:  8    God:
Gold:   325        SH:  5    Dex: 12    Spells: 7/7 levels left

rFire   . . .      SeeInvis +   a - +1 war axe
rCold   . . .      Faith    .   c - +0 buckler
rNeg    + . .      Spirit   .   d - +1 chain mail of a Labyrinth {*Slow rElec rPois Dex+2}
rPois   +          Reflect  .   p - +0 helmet
rElec   +          Harm     .   j - +1 cloak
rCorr   .          Rampage  .   (no gloves)
Will    .....                   (no boots)
Stlth   ..........              (no amulet)
HPRegen 0.22/turn               e - ring of positive energy
MPRegen 0.11/turn               o - ring of see invisible

@: no status effects
A: no striking features
a: no special abilities


You were on level 5 of the Dungeon.
You visited 1 branch of the dungeon, and saw 5 of its levels.
You also visited: Sewer.

You collected 325 gold pieces.

Inventory:

Hand Weapons
 a - a +1 war axe (weapon)
Missiles
 b - a curare-tipped dart
 f - 3 boomerangs
 h - 13 poisoned darts (quivered)
Armour
 c - a +0 buckler (worn)
 d - the +1 chain mail of a Labyrinth (worn) {*Slow rElec rPois Dex+2}
   (You found it on level 3 of the Dungeon)

   Dex:       It affects your dexterity (+2).
   rElec:     It insulates you from electricity.
   rPois:     It protects you from poison.
   *Slow:     It may slow you when you take damage.
 i - a +0 chain mail
 j - a +1 cloak (worn)
 p - a +0 helmet (worn)
 s - the +2 cloak of the Thief {*Fog Slay-2 SInv Stlth+}
   (You found it on level 4 of the Dungeon)

   It may release a thick cloud of smoke when the wearer is hurt.
   Slay:      It affects your accuracy & damage with ranged weapons and melee
   (-2).
   SInv:      It lets you see invisible.
   Stlth:     It makes you more stealthy.
Jewellery
 e - a ring of positive energy (left hand)
 o - a ring of see invisible (right hand)
Wands
 q - a wand of polymorph (2)
Scrolls
 k - 2 scrolls of torment
 m - a scroll of summoning
 n - a scroll of fog
Potions
 g - 2 potions of mutation
 r - a potion of heal wounds {unknown}
 t - a potion of berserk rage


   Skills:
 * Level 7.1 Fighting
 * Level 8.8 Axes
 - Level 2.0 Throwing
 - Level 4.0 Armour
 + Level 2.5 Dodging
 - Level 2.0 Stealth
 - Level 4.0 Shields


You had 7 spell levels left.
You didn't know any spells.
Your spell library contained the following spells:

 Spells                   Type           Power      Damage    Failure   Level
 Animate Skeleton         Necr           0%         N/A       99%         1
 Apportation              Tloc           0%         N/A       99%         1
 Summon Small Mammal      Summ           0%         N/A       99%         1


Dungeon Overview and Level Annotations

Branches:
Dungeon (5/15)              Sewer (visited)
 Temple: D:4-7

Altars:
Sif Muna


Message History

The gnoll barely misses you. The gnoll misses you.
Unknown command.
It was a potion of ambrosia.
You are confused.
You feel invigorated.
The gnoll hits you with a +0 whip of electrocution.
* * * LOW HITPOINT WARNING * * *
The gnoll hits you from afar with a +0 halberd!
* * * LOW HITPOINT WARNING * * *
The gnoll closely misses you.
The gnoll hits you with a +0 whip of electrocution.
* * * LOW HITPOINT WARNING * * *
Unknown command.
You miss the gnoll.
The gnoll is heavily wounded.
The gnoll hits you but does no damage. x2
Unknown command.
You slash the gnoll!
You kill the gnoll!
The gnoll hits you from afar with a +0 halberd.
* * * LOW HITPOINT WARNING * * *
The gnoll hits you from afar with a +0 halberd.
* * * LOW HITPOINT WARNING * * *
Unknown command.
Unknown command.
Unknown command.
You bump into the rock wall.
The gnoll hits you from afar with a +0 halberd.
* * * LOW HITPOINT WARNING * * *
Unknown command.
Unknown command.
Unknown command.
The gnoll hits you from afar with a +0 halberd.
* * * LOW HITPOINT WARNING * * *
You feel less invigorated.
You feel less confused. The gnoll barely misses you.
The gnoll closely misses you.
The gnoll hits you from afar with a +0 halberd!
You die...

#.....## ### #......## #..
....g...# #.# #........
#####. #.# #.......# ...#..
#.# #.......#
###.#.##########.###.#...#.#
................@.g†........
.........#...###.###.##.##.#
.#######.........# #.#
.#≈≈≈≈≈#..†..##### #..
.#≈≈.≈≈'..#.## ####
.#≈≈≈≈≈#÷.#.#
.#######.##.###
................
######################


You could see a gnoll (fast).

Vanquished Creatures
  2 water moccasins
  A sky beast (D:3)
  A black bear (D:4)
  2 ogres
  2 kobold brigands
  4 killer bees (D:5)
  A bullfrog zombie (D:5)
  A gnoll shaman (D:5)
  2 hounds (D:5)
  Jessica (D:3)
  2 hound zombies (D:5)
  Robin (D:3)
  6 adders
  7 gnolls (D:5)
  A worm (D:3)
  A dart slug (D:1)
  2 orcs
  10 ball pythons
  10 bats
  2 endoplasms
  6 giant cockroaches
  13 goblins
  13 hobgoblins
  4 quokkas
  8 frilled lizards
  8 kobolds
  4 rats
115 creatures vanquished.

Vanquished Creatures (others)
  2 fungi (D:1)
  A plant (D:1)
3 creatures vanquished.

Grand Total: 118 creatures vanquished

Notes
Turn   | Place    | Note
-------+----------+-------------------------------------------
     0 | D:1      | tilp the Hill Orc Fighter began the quest for the Orb.
     0 | D:1      | Reached XP level 1. HP: 19/19 MP: 1/1
    54 | D:1      | Reached skill level 3 in Axes
    84 | D:1      | Reached XP level 2. HP: 20/27 MP: 2/2
   638 | D:1      | Reached skill level 4 in Axes
   705 | D:1      | Reached XP level 3. HP: 33/33 MP: 3/3
  1214 | D:1      | Found a faded altar of an unknown god.
  1812 | D:2      | Reached skill level 5 in Axes
  1925 | D:2      | Found a shimmering blue altar of Sif Muna.
  1966 | D:2      | Reached XP level 4. HP: 39/40 MP: 4/4
  2250 | D:2      | HP: 2/40 [poisoned by an adder]
  3359 | D:3      | Noticed a sky beast
  3382 | D:3      | Reached skill level 6 in Axes
  3385 | D:3      | Killed a sky beast
  3386 | D:3      | Reached XP level 5. HP: 19/47 MP: 5/5
  3579 | D:3      | Noticed a kobold brigand
  3591 | D:3      | Killed a kobold brigand
  3591 | D:3      | HP: 2/70 [hobgoblin (3)]
  3592 | D:3      | Reached XP level 6. HP: 3/53 MP: 6/6
  4192 | D:3      | Identified the +1 chain mail of a Labyrinth {*Slow rElec
                  | rPois Dex+2}
  4325 | D:3      | Noticed Jessica
  4332 | D:3      | Killed Jessica
  4589 | D:3      | Noticed Robin
  4612 | D:3      | Killed Robin
  4613 | D:3      | Reached skill level 1 in Throwing
  4613 | D:3      | Reached skill level 1 in Stealth
  4710 | D:4      | Noticed a black bear
  4717 | D:4      | Killed a black bear
  4718 | D:4      | Reached skill level 1 in Dodging
  4873 | D:4      | Reached skill level 5 in Fighting
  4873 | D:4      | Reached skill level 7 in Axes
  4873 | D:4      | Reached XP level 7. HP: 61/61 MP: 7/7
  4919 | D:4      | Found the +2 cloak of the Thief {*Fog Slay-2 SInv Stlth+}
  5403 | D:5      | Entered Level 5 of the Dungeon
  5551 | D:5      | Reached XP level 8. HP: 57/70 MP: 8/8
  5606 | D:5      | Found a glowing drain.
  5625 | D:5      | Reached skill level 8 in Axes
  5645 | Sewer    | Entered a sewer
  5960 | D:5      | HP: 3/73 [gnoll (6)]
  5962 | D:5      | Mangled by a gnoll

Illustrated notes

Levels and vault maps discovered:
D:1:      eino_arrival_druids_welcome, layout_loops_corners,
          shapermc_ecumenical_altar_mp_urbaneastern, minivault_26,
          minmay_lizard_pond
D:2:      minmay_inner_zag, layout_loops_corners, basic_altar
D:3:      layout_loops_cross, uniq_jessica, uniq_robin
D:4:      layout_basic
D:5:      kennysheep_windowed_halls, layout_loops_ring, gup_sewer_entry_glass

Skill      XL: |  1  2  3  4  5  6  7  8 |
---------------+-------------------------+-----
Axes           | 3 4 5 6 7 8 |  8.8
Fighting       | 4 5 6 7 |  7.1
Throwing       | 1 2 |  2.0
Stealth        | 1 2 |  2.0
Dodging        | 1 2 |  2.5
Shields        | 4 |  4.0
Armour         | 4 |  4.0

Action                   |  1- 3 |  4- 6 |  7- 9 || total
-------------------------+-------+-------+-------++-------
Melee: War axe           |   109 |   146 |   138 ||   393
Throw: Dart              |       |     2 |     7 ||     9
  Use: Scroll            |       |     6 |     4 ||    10
       Potion            |       |     3 |     1 ||     4
Armor: Scale mail        |    67 |    23 |       ||    90
       Chain mail        |       |    77 |   106 ||   183
       Skin              |       |    10 |       ||    10
Dodge: Dodged            |    62 |    72 |    58 ||   192
Block: Buckler           |    19 |    25 |    29 ||    73
